Map: Port Aleksander LE

Players

Lambo - Winner!

  • Race: Zerg Zerg
  • League: Grandmaster
  • Spawn Location: 5:00

GunGFuBanDa

  • Race: Protoss Protoss
  • League: Grandmaster
  • Spawn Location: 11:00

VOD

Have the link to the VOD?

Description

Time

  • Played on: Jan. 8, 2019, 2:59 p.m.
  • Length: 17:32
Show
View Real Time Build Order
Export as new Build Order

Lambo Zerg - Winner!

Build Orders: Hatch First, Brood Lord Corruptor 

Get SALT Encoding   

  12  0:00  Drone  
  13  0:13  Overlord  
  13  0:18  Drone  
  14  0:32  Drone x2  
  16  0:50  Hatchery  
  16  0:54  Drone  
  16  0:56  Drone  
  17  1:00  Drone  
  18  1:10  Extractor  
  17  1:15  Spawning Pool  
  16  1:19  Drone  
  16  1:22  Drone  
  18  1:30  Drone  
  19  1:46  Drone  
  20  1:56  Overlord  
  20  2:02  Queen x2  
  20  2:03  Zergling x2  
  20  2:05  Zergling x2  
  26  2:12  Drone  
  26  2:14  Drone  
  28  2:19  Metabolic Boost  
  28  2:23  Drone  
  28  2:29  Drone  
  30  2:33  Drone  
  30  2:37  Drone  
  32  2:46  Hatchery  
  32  2:47  Drone  
  32  2:52  Overlord  
  32  2:55  Drone  
  33  3:05  Queen  
  35  3:06  Drone  
  35  3:10  Drone  
  37  3:14  Drone x2  
  37  3:17  Drone x2  
  37  3:19  Overlord  
  41  3:22  Drone x2  
  43  3:29  Overlord  
  43  3:31  Drone  
  44  3:41  Drone  
  44  3:43  Drone x3  
  44  3:44  Drone  
  44  3:45  Drone x2  
  51  3:53  Queen  
  51  3:54  Spore Crawler  
  52  3:58  Drone x3  
  52  4:00  Queen  
  52  4:01  Spore Crawler  
  56  4:07  Overlord  
  56  4:09  Zergling x2  
  57  4:10  Zergling x2  
  58  4:18  Overlord  
  58  4:21  Roach Warren  
  58  4:23  Drone  
  58  4:24  Overlord  
  58  4:30  Drone  
  58  4:31  Drone x3  
  61  4:33  Drone x2  
  61  4:35  Drone  
  64  4:41  Lair  
  64  4:42  Drone x2  
  64  4:45  Extractor, Drone  
  64  4:46  Drone  
  64  4:47  Extractor, Drone  
  66  4:55  Drone x2  
  66  4:58  Drone x2  
  66  4:59  Overlord, Queen  
  70  5:03  Overlord  
  70  5:07  Overlord  
  72  5:09  Overlord  
  72  5:10  Overlord  
  72  5:12  Overlord  
  72  5:16  Drone  
  72  5:17  Overlord, Evolution Chamber, Drone  
  72  5:18  Drone x3  
  72  5:20  Drone x2  
  78  5:24  Extractor  
  78  5:25  Extractor  
  75  5:33  Drone  
  75  5:35  Evolution Chamber  
  75  5:36  Queen  
  75  5:42  Queen  
  77  5:44  Queen  
  77  5:49  Spore Crawler  
  80  5:50  Spore Crawler  
  80  5:51  Extractor  
  80  5:52  Hydralisk Den, Drone x9  
  80  5:53  Zerg Missile Weapons Level 1  
  80  5:56  Spore Crawler, Drone  
  83  6:08  Drone x3  
  83  6:09  Drone x3  
  83  6:10  Drone x4  
  93  6:20  Baneling Nest  
  93  6:22  Zergling x2  
  93  6:23  Zergling x4  
  93  6:24  Hatchery  
  89  6:32  Zerg Melee Weapons Level 1  
  89  6:34  Grooved Spines  
  89  6:36  Drone x2  
  89  6:37  Drone  
  92  6:44  Hydralisk  
  92  6:45  Hydralisk x3  
  100  6:48  Infestation Pit  
  99  6:57  Hydralisk x6  
  111  7:02  Overlord  
  107  7:10  Drone x8  
  107  7:14  Centrifical Hooks  
  115  7:18  Hydralisk x3  
  121  7:24  Hive  
  121  7:30  Drone x4  
  121  7:31  Overlord  
  125  7:37  Spire  
  125  7:40  Spore Crawler  
  125  7:41  Drone x2  
  124  7:45  Muscular Augments  
  124  7:51  Zergling x18  
  131  7:58  Zerg Missile Weapons Level 2  
  131  8:00  Drone x7  
  131  8:02  Extractor  
  131  8:04  Extractor  
  135  8:06  Drone x5  
  135  8:07  Drone x2  
  140  8:14  Drone x3  
  143  8:22  Overlord  
  143  8:23  Overseer  
  143  8:24  Overseer  
  143  8:25  Pneumatized Carapace  
  143  8:38  Hydralisk  
  143  8:39  Zergling x12  
  151  8:41  Hatchery  
  151  8:43  Overlord x3  
  150  8:54  Greater Spire  
  150  8:59  Spine Crawler, Drone  
  150  9:01  Spine Crawler  
  148  9:05  Zergling x28  
  148  9:06  Spine Crawler  
  159  9:12  Hydralisk x5  
  169  9:17  Baneling x19  
  169  9:23  Baneling x14  
  169  9:24  Baneling  
  169  9:36  Corruptor x4  
  177  9:39  Corruptor  
  177  9:40  Corruptor  
  181  9:50  Corruptor  
  182  9:55  Overlord  
  182  9:57  Overlord  
  177  10:06  Corruptor x2  
  160  10:10  Drone  
  160  10:11  Queen, Drone x4  
  160  10:13  Spine Crawler  
  167  10:16  Brood Lord x3  
  167  10:18  Overseer  
  167  10:20  Zerg Melee Weapons Level 2  
  173  10:24  Extractor  
  173  10:25  Extractor  
  173  10:26  Drone x6  
  177  10:30  Brood Lord  
  179  10:38  Brood Lord  
  180  10:44  Brood Lord  
  180  10:49  Brood Lord  
  184  10:53  Zerg Flyer Weapons Level 1  
  184  11:16  Corruptor x3  
  190  11:21  Spine Crawler x3  
  190  11:22  Spine Crawler  
  190  11:23  Spine Crawler  
  185  11:27  Baneling x3  
  177  11:44  Hydralisk x5  
  181  11:55  Brood Lord x3  
  181  11:59  Corruptor  
  181  12:00  Corruptor x4  
  183  12:02  Baneling x4  
  183  12:04  Queen x3  
  189  12:12  Overlord x2  
  189  12:30  Overseer  
  189  12:32  Zerg Missile Weapons Level 3, Spore Crawler x2  
  189  12:33  Spore Crawler, Adrenal Glands  
  186  12:40  Viper x2  
  186  12:42  Corruptor x2  
  196  12:52  Corruptor  
  198  13:00  Baneling  
  198  13:04  Zerg Flyer Weapons Level 2  
  190  13:56  Corruptor x4  
  196  14:06  Overlord  
  196  14:09  Corruptor x3  
  179  14:16  Hydralisk x11  
  171  14:31  Corruptor x7  
  157  14:37  Brood Lord x2  
  175  14:45  Zergling x2  
  176  14:46  Overlord x3  
  176  14:47  Overlord, Overseer  
  176  14:51  Overlord, Hatchery  
  175  14:53  Zerg Melee Weapons Level 3  
  175  14:55  Hatchery  
  175  14:57  Overlord  
  174  15:12  Zergling x28  
  188  15:14  Brood Lord x3  
  194  15:25  Brood Lord x3  
  200  15:38  Spine Crawler  
  200  15:39  Spine Crawler  
  200  15:41  Spine Crawler, Corruptor x5  
  200  15:42  Spine Crawler  
  194  15:44  Spine Crawler  
  182  15:58  Corruptor x4  
  186  16:06  Zergling x26  
  189  16:21  Spore Crawler  
  189  16:23  Spine Crawler  
  185  16:27  Hydralisk x8  
  191  16:37  Corruptor x3  
  195  16:49  Brood Lord  
  195  16:50  Corruptor  
  199  16:57  Spine Crawler  
  198  17:07  Hydralisk  
  200  17:09  Overlord  
  200  17:11  Overseer  
  200  17:12  Overseer  
Show
View Real Time Build Order
Export as new Build Order

GunGFuBanDa Protoss 

Build Orders: 1 Gate Expand, Oracle Opening, Phoenix Opening, Chargelot Immortal, Mass Phoenix 

Get SALT Encoding   

  12  0:01  Probe  
  13  0:13  Probe  
  14  0:20  Pylon  
  14  0:25  Probe  
  15  0:34  Probe  
  15  0:41  Gateway  
  15  0:42  Probe  
  17  0:52  Probe  
  17  0:53  Assimilator  
  18  1:04  Probe  
  18  1:11  Pylon  
  19  1:16  Probe  
  20  1:29  Nexus  
  20  1:41  Cybernetics Core  
  20  1:43  Probe  
  20  1:47  Assimilator  
  21  1:55  Probe  
  21  1:57  Pylon  
  22  2:07  Probe  
  22  2:08  Adept  
  23  2:19  Probe  
  26  2:24  Stargate  
  26  2:31  Probe  
  26  2:33  Warp Gate  
  27  2:39  Adept  
  27  2:40  Probe x2  
  31  2:48  Probe  
  31  2:49  Probe  
  30  2:57  Probe  
  32  2:58  Probe  
  32  3:00  Phoenix  
  34  3:09  Probe  
  34  3:11  Probe  
  38  3:15  Pylon  
  38  3:21  Probe  
  38  3:23  Probe  
  38  3:24  Oracle  
  43  3:30  Assimilator  
  43  3:33  Assimilator  
  43  3:34  Probe  
  44  3:35  Probe  
  44  3:41  Gateway  
  45  3:44  Probe  
  45  3:47  Probe  
  47  3:51  Stargate  
  47  3:52  Probe  
  47  4:00  Probe, Pylon  
  49  4:03  Probe  
  49  4:05  Phoenix  
  52  4:10  Pylon  
  52  4:13  Probe  
  52  4:15  Probe  
  54  4:28  Probe  
  54  4:30  Phoenix  
  57  4:32  Probe  
  57  4:33  Phoenix  
  58  4:40  Probe  
  58  4:44  Pylon  
  58  4:45  Zealot  
  63  4:46  Zealot  
  65  5:00  Nexus, Phoenix  
  65  5:02  Pylon  
  65  5:07  Phoenix  
  65  5:14  Probe x2  
  71  5:23  Phoenix, Shield Battery  
  71  5:25  Phoenix  
  71  5:28  Pylon  
  73  5:35  Probe x2  
  77  5:37  Sentry  
  77  5:38  Sentry  
  81  5:45  Robotics Facility  
  81  5:48  Robotics Facility  
  81  5:51  Robotics Facility  
  81  5:54  Probe x2  
  83  6:05  Probe  
  83  6:06  Probe  
  83  6:11  Probe  
  85  6:13  Probe  
  85  6:18  Probe  
  88  6:19  Probe, Forge  
  88  6:20  Twilight Council  
  88  6:23  Probe  
  88  6:25  Observer  
  89  6:29  Probe  
  89  6:30  Probe  
  91  6:35  Probe  
  91  6:36  Immortal  
  91  6:37  Pylon  
  91  6:39  Immortal  
  96  6:41  Probe  
  96  6:42  Probe  
  96  6:44  Robotics Bay  
  96  6:45  Assimilator x2  
  98  6:51  Protoss Ground Weapons Level 1  
  102  6:58  Pylon  
  102  7:01  Charge, Gateway x2  
  102  7:05  Gateway  
  102  7:14  Probe x2, Immortal  
  108  7:17  Colossus, Photon Cannon  
  108  7:18  Pylon  
  108  7:26  Zealot  
  108  7:27  Zealot  
  112  7:36  Extended Thermal Lance, Pylon  
  118  7:42  Colossus  
  118  7:53  Gateway  
  118  7:55  Gateway  
  118  7:56  Forge  
  118  7:57  Gateway  
  124  8:06  Colossus  
  124  8:11  Zealot x3  
  132  8:13  Templar Archives  
  132  8:16  Protoss Ground Weapons Level 2  
  132  8:23  Photon Cannon  
  132  8:25  Pylon  
  132  8:26  Observer  
  132  8:32  Blink  
  132  8:35  Immortal  
  132  8:36  Pylon  
  132  8:37  Pylon  
  136  8:50  Zealot  
  136  8:54  High Templar x2  
  136  8:55  Zealot x4  
  150  9:00  Archon  
  150  9:05  Warp Prism  
  149  9:11  Observer  
  149  9:15  Zealot x4  
  149  9:16  Zealot x2  
  164  9:22  Protoss Ground Armor Level 1  
  164  9:38  Fleet Beacon, Nexus  
  164  9:39  Pylon  
  164  9:42  Zealot  
  143  10:08  Protoss Ground Weapons Level 3  
  143  10:13  Sentry, High Templar  
  143  10:14  High Templar x4  
  149  10:15  Zealot x2  
  157  10:25  Probe  
  157  10:26  Probe  
  159  10:29  Gateway  
  159  10:32  Gateway  
  159  10:33  Photon Cannon  
  159  10:34  Gateway, Shield Battery  
  159  10:37  Archon x2  
  159  10:40  High Templar  
  161  10:43  Photon Cannon  
  161  10:46  Assimilator  
  161  10:47  Sentry x2, Archon, Stalker x2  
  161  10:48  Stalker  
  171  10:53  Pylon  
  171  11:05  Dark Shrine  
  171  11:06  Protoss Air Weapons Level 1  
  171  11:07  Zealot x2  
  175  11:28  Zealot  
  175  11:29  Zealot x9  
  195  11:36  Protoss Ground Armor Level 2  
  145  11:54  Zealot x11  
  172  12:11  Warp Prism  
  174  12:16  Stalker x8  
  174  12:20  High Templar x2, Stalker  
  191  12:24  Archon  
  191  12:36  Pylon  
  191  12:37  Assimilator  
  191  12:40  Gravitic Drive  
  189  13:10  Zealot x5  
  199  13:23  Protoss Shields Level 1  
  199  13:26  Dark Templar, Photon Cannon  
  199  13:30  Photon Cannon  
  199  13:43  Stargate  
  199  13:53  Photon Cannon  
  199  13:54  Dark Templar  
  138  14:17  Dark Templar x2  
  138  14:18  Zealot x6  
  138  14:19  Zealot x2  
  138  14:21  Tempest x3  
  138  14:23  Probe  
  136  14:29  Warp Prism  
  128  14:31  Probe  
  142  14:40  Probe, Archon  
  142  14:41  High Templar  
  142  14:42  High Templar  
  142  14:43  High Templar x4, Stalker  
  142  14:44  Stalker x2  
  161  14:49  Archon x2  
  161  14:51  Probe x2  
  163  14:54  Photon Cannon  
  163  14:56  Photon Cannon  
  163  14:57  Archon, Shield Battery  
  163  15:00  Probe  
  163  15:04  Nexus, Probe  
  163  15:05  Probe  
  166  15:10  Dark Templar  
  166  15:11  Dark Templar x2  
  172  15:15  High Templar x4  
  172  15:19  Pylon  
  172  15:20  Archon x2  
  180  15:27  Zealot x4  
  188  15:30  Warp Prism  
  167  16:11  Stalker x11  
  145  16:48  Stalker x7  
  145  16:49  Stalker x4  
  163  17:01  Probe  
  164  17:13  Stalker x6  
Tags
 
Add a new tag
Caveats
  • Supply blocks, unpowered buildings, or Contaminate may cause inaccurate times.
  • Supply counts are checked every 10 seconds.